 Dungeon Crawl Stone Soup version 0.31.0-11-ge490571c62 (webtiles) character file.

Game seed: 14957374899950834328

293 qw the Shooter (level 6, 0/30 HPs)
             Began as a Spriggan Hunter on Feb 4, 2024.
             Incinerated by a bombardier beetle (5 damage)
             ... with a burning spray
             ... on level 4 of the Dungeon.
             The game lasted 00:00:10 (2816 turns).

qw the Shooter (Spriggan Hunter)                    Turns: 2816, Time: 00:00:11

Health: 0/30       AC:  2    Str:  7    XL:     6   Next: 11%
Magic:  7/7        EV: 21    Int: 10    God:
Gold:   155        SH:  0    Dex: 21    Spells: 5/5 levels left

rFire   . . .        a - +1 shortbow
rCold   . . .        (shield currently unavailable)
rNeg    . . .        c - +0 robe
rPois   .            (helmet restricted)
rElec   .            (no cloak)
rCorr   .            (gloves unavailable)
SInv    +            (boots unavailable)
Will    +....        (no amulet)
Stlth   +            (no ring)
HPRegen 0.25/turn    (no ring)
MPRegen 0.10/turn

%: no passive effects
@: on fire, glowing, very quick
A: very small, no large weapons, unfitting armour, see invisible, speed 3
a: no special abilities


You were on level 4 of the Dungeon.
You visited 1 branch of the dungeon, and saw 4 of its levels.

You collected 155 gold pieces.


Innate Abilities, Weirdness & Mutations

You are very small and have problems with some larger weapons.
You are too small for most types of armour.
You have supernaturally acute eyesight. (SInv)
You cover ground extremely quickly. (Speed+++)


   Skills:
 - Level 2.2 Fighting
 - Level 6.1 Ranged Weapons
 + Level 5.4 Dodging
 - Level 1.5 Stealth


You had 5 spell levels left.
You didn't know any spells.
Your spell library was empty.

Inventory:

Hand Weapons
 a - a +1 shortbow (weapon)
Armour
 c - a +0 robe (worn)
Scrolls
 b - a scroll of identify
 e - 2 scrolls of teleportation
 f - a scroll of revelation {unknown}
 i - a scroll of enchant armour
Potions
 d - a potion of haste
 g - a potion of ambrosia {unknown}
 h - 2 potions of heal wounds
 j - 2 potions of mutation {unknown}
 l - 3 potions of curing {unknown}

Dungeon Overview and Level Annotations

Branches:
Dungeon (4/15)             Temple (0/1) D:4

Altars:
Nemelex Xobeh
Yredelemnul

Shops:
D:3 :


Message History

Enter note:
Enter note:
Found a staircase to the Ecumenical Temple.
Enter note:
Enter note:
Enter note:
2613 ||| PLANNING TEMPLE
l - 3 amethyst potions (gained 1)
You see here a book of the Tundra.
A bombardier beetle comes into view.
Enter note:
Enter note:
Enter note: You shoot an arrow.
The arrow closely misses the bombardier beetle.
You shoot an arrow. The arrow hits the bombardier beetle.
The bombardier beetle is moderately wounded.
The bombardier beetle sprays incendiary fluid at you.
The burning spray hits you.
You are covered in liquid fire!
You shoot an arrow.
The arrow hits the bombardier beetle but does no damage.
The bombardier beetle is moderately wounded.
The liquid fire burns you!
You shoot an arrow. The arrow hits the bombardier beetle.
The bombardier beetle is heavily wounded.
The liquid fire burns you!
You shoot an arrow. The arrow hits the bombardier beetle.
The bombardier beetle is almost dead.
The liquid fire burns you!
You shoot an arrow. The arrow hits the bombardier beetle.
You kill the bombardier beetle!
The liquid fire burns you!
Your Ranged Weapons skill increases to level 6!
You have reached level 6!
You are on fire!
The liquid fire burns you!
You are on fire!
The liquid fire burns you!
You die...

########
##......#######
##.............####
#######
##.....#######.....##
###.....###.....##
###.....
###...............# ##
##....
.......:..........#...#
##...
.....#####....##@...#
#### ....##
##..#####....# ...##
#..# ######### ...#
##.# ......# ..## #.#
#.>.# ..# #.# ...# ..#
#.# ###### ..## #.#
#....# ...# #.# ##...#


There were no monsters in sight!

Vanquished Creatures
  2 bombardier beetles (D:4)
  2 hounds (D:4)
  2 iguanas (D:4)
  4 adders
  A ribbon worm (D:4)
  3 dart slugs
  4 orcs
  9 endoplasms
  A giant cockroach (D:1)
  7 goblins
  7 hobgoblins
  4 jackals (D:1)
  A quokka (D:2)
  5 ball pythons
  4 bats
  7 frilled lizards
  5 kobolds
  7 rats
75 creatures vanquished.

Notes
Turn   | Place    | Note
-------+----------+-------------------------------------------
     0 | D:1      | qw the Spriggan Hunter began the quest for the Orb.
     0 | D:1      | Reached XP level 1. HP: 10/10 MP: 2/2
     0 | D:1      | 0 ||| qw: Version: 0.3-a-160-g6735b56
     0 | D:1      | 0 ||| qw: Game counter: 4890
     0 | D:1      | 0 ||| qw: Melee chars always use a shield: true
     0 | D:1      | 0 ||| qw: God list: Okawaru
     0 | D:1      | 0 ||| qw: Allow faded altars: false
     0 | D:1      | 0 ||| qw: Do Orc after clearing Dungeon:15 true
     0 | D:1      | 0 ||| qw: Do second Lair branch before Depths: true
     0 | D:1      | 0 ||| qw: Lair rune preference: random
     0 | D:1      | 0 ||| qw: Goals: Normal
     0 | D:1      | 0 ||| PLANNING D:1-11
    38 | D:1      | Reached skill level 3 in Dodging
    74 | D:1      | Reached XP level 2. HP: 12/14 MP: 3/3
   287 | D:1      | Found a faded altar of an unknown god.
   338 | D:1      | Reached XP level 3. HP: 18/18 MP: 4/4
   636 | D:1      | 636 ||| READING scroll labelled ZIONTITOMA.
   637 | D:1      | 637 ||| READING scroll labelled VOUCZEI ACLAL.
   640 | D:1      | 640 ||| READING scroll labelled TACIWN QADIEHA.
   640 | D:1      | 640 ||| ENCHANTING +0 shortbow.
   641 | D:1      | 641 ||| DROPPING scroll of butterflies.
   761 | D:2      | HP: 3/18 [kobold/+0 short sword (4)]
  1006 | D:2      | Reached skill level 5 in Ranged Weapons
  1101 | D:2      | Reached XP level 4. HP: 22/22 MP: 5/5
  1280 | D:2      | 1280 ||| READING scroll labelled PILINO OS DULAINO.
  1448 | D:3      | Found Sovezea's Book Boutique.
  1503 | D:3      | Found a basalt altar of Yredelemnul.
  1670 | D:3      | Found a sparkling altar of Nemelex Xobeh.
  1799 | D:3      | 1799 ||| READING 2 scrolls labelled HEPIYRPH DAATO.
  1799 | D:3      | 1799 ||| IDENTIFYING lumpy pink potion
  1800 | D:3      | 1800 ||| READING scroll of identify.
  1800 | D:3      | 1800 ||| IDENTIFYING smoky purple potion
  1801 | D:3      | 1801 ||| READING scroll labelled QEOGRU LIUSEWI.
  1902 | D:3      | 1902 ||| READING scroll labelled ULELEUCHIL.
  1902 | D:3      | 1902 ||| ENCHANTING +0 shortbow.
  1903 | D:3      | 1903 ||| DRINKING 3 fuming sapphire potions.
  1940 | D:3      | 1940 ||| DRINKING 2 metallic red potions.
  1941 | D:3      | 1941 ||| DROPPING potion of magic.
  1942 | D:3      | 1942 ||| DROPPING 2 potions of lignification.
  2115 | D:4      | Reached XP level 5. HP: 23/26 MP: 6/6
  2612 | D:4      | Found a staircase to the Ecumenical Temple.
  2613 | D:4      | 2613 ||| PLANNING TEMPLE
  2815 | D:4      | Reached skill level 6 in Ranged Weapons
  2815 | D:4      | Reached XP level 6. HP: 10/30 MP: 7/7
  2815 | D:4      | HP: 5/30 [burnt (5)]
  2816 | D:4      | Incinerated by a bombardier beetle

Levels and vault maps discovered:
D:1:      minmay_arrival_four_houses, layout_loops_ring,
          shapermc_ecumenical_altar_gd
D:2:      layout_basic
D:3:      corexii_shack_village, layout_rooms, amcnicky_altar_gilded,
          mainiacjoe_overflow_brackets, serial_shops, nicolae_shop_trees
D:4:      layout_layer_cave, minmay_temple_entry_from_below_a, minmay_surrounded

Skill      XL: |  1  2  3  4  5 |
---------------+----------------+-----
Dodging        | 3 4 5 |  5.4
Ranged Weapons | 5 6 |  6.1
Fighting       | 2 |  2.2
Stealth        | |  1.5

Action                     |  1- 3 |  4- 6 || total
---------------------------+-------+-------++-------
   Fire: Shortbow          |   115 |   104 ||   219
    Use: Scroll            |     3 |     5 ||     8
         Potion            |       |     2 ||     2
 Armour: Robe              |     9 |    11 ||    20
  Dodge: Dodged            |    46 |    42 ||    88

Table legend:
 A = Non-vault XP
 B = Vault XP
 C = Vault XP percentage of total XP
 D = Non-vault monster count
 E = Vault monster count
 F = Vault count percentage of total count
                 A         B        C        D         E       F
            +---------+---------+-------+---------+---------+-------
      Total |     352 |      67 |  16.0 |      63 |      12 |  16.0
            +---------+---------+-------+---------+---------+-------
        D:1 |      45 |       0 |   0.0 |      27 |       0 |   0.0
        D:2 |      52 |       0 |   0.0 |      19 |       0 |   0.0
        D:3 |      21 |      17 |  44.7 |       6 |       8 |  57.1
        D:4 |     234 |      50 |  17.6 |      11 |       4 |  26.7
            +---------+---------+-------+---------+---------+-------
